 Dungeon Crawl Stone Soup version 0.18-a0-1186-gd02dc51 (webtiles) character file.

3069 kae the Fiendish (level 9, -1/63 HPs)
             Began as a Demonspawn Monk on Jan 28, 2016.
             Was a Priest of Makhleb.
             Slain by a wyvern (16 damage)
             ... on level 8 of the Dungeon.
             The game lasted 00:15:30 (10558 turns).

kae the Fiendish (Demonspawn Monk)                 Turns: 10558, Time: 00:15:30

Health: -1/63      AC:  9    Str: 12    XL:     9   Next: 58%
Magic:  18/18      EV: 13    Int: 11    God:    Makhleb [***...]
Gold:   472        SH:  0    Dex: 19    Spells: 0 memorised, 8 levels left

rFire  . . .     SeeInvis .       - Unarmed
rCold  . . .     Gourm    .     u - +2 robe {rN+}
rNeg   + . .     Faith    .     (no shield)
rPois  .         Spirit   .     (helmet restricted)
rElec  .         Dismiss  .     i - +2 cloak {+Inv}
rCorr  .         Reflect  .     d - +0 pair of gloves
SustAt .         Harm     .     v - +0 pair of boots
MR     .....                    (no amulet)
Stlth  ++........               (no ring)
                                (no ring)

@: not resistant to hostile enchantments, unstealthy
A: claws 2, hooves 1, horns 1
a: Minor Destruction, Lesser Servant of Makhleb, Renounce Religion, Evoke
Invisibility


You were on level 8 of the Dungeon.
You worshipped Makhleb.
Makhleb was most pleased with you.
You were not hungry.

You visited 1 branch of the dungeon, and saw 8 of its levels.

You collected 472 gold pieces.

Inventory:

Armour
 d - a +0 pair of gloves (worn)
 i - a +2 cloak of invisibility (worn)
 u - a +2 robe of positive energy (worn)
 v - a +0 pair of boots (worn)
Jewellery
 l - an uncursed ring of sustain attributes {unknown}
 s - an uncursed amulet of dismissal {unknown}
Wands
 e - a wand of random effects (35/48)
 n - a wand of slowing (13/48)
Scrolls
 f - a scroll of remove curse
 p - 3 scrolls of identify
 q - 2 scrolls of enchant armour
 r - 2 scrolls of teleportation
 t - a scroll of random uselessness {unknown}
Potions
 a - 2 potions of flight {unknown}
 c - a potion of mutation
 g - 4 potions of curing
 h - a potion of berserk rage {unknown}
 j - 3 potions of might
 m - a potion of lignification
 o - 2 potions of heal wounds
Comestibles
 b - 11 bread rations
 k - 3 beef jerkies


   Skills:
 - Level 3.0 Fighting
 - Level 2.6 Dodging
 - Level 1.7 Stealth
 + Level 9.5 Unarmed Combat
 - Level 12.0 Invocations


You had 8 spell levels left.
You didn't know any spells.

Dungeon Overview and Level Annotations

Branches:
Dungeon (8/15)             Temple (0/1) D:6
   Lair: D:8-11

Altars:
Ashenzari
Cheibriados
Dithmenos
Elyvilon
Fedhas
Gozag
Makhleb
Nemelex Xobeh
Qazlal
Ru
Trog
Xom
Yredelemnul
Zin

Shops:
D:7 *

Annotations:
D:3 Sigmund
D:7 exclusion: oklob plant


Innate Abilities, Weirdness & Mutations

You have very sharp fingernails.
You have large cloven feet.
You have a pair of small horns on your head.


Message History

a robe; a hand axe of freezing The wyvern barely misses your smoke demon.
Your smoke demon barely misses the wyvern.
Your smoke demon hits the wyvern. x2
The wyvern barely misses your smoke demon.
The wyvern bites your smoke demon!
Your smoke demon hits the wyvern.
Your smoke demon hits the wyvern but does no damage. x2
There is a shattered altar of Ashenzari here.
The wyvern hisses menacingly.
The wyvern bites you.
* * * LOW HITPOINT WARNING * * *
You hear a blaring wail to the north.
You hear a shout! x2
You hear an angry hiss.
You hear a shout!
You hear a screech!
You hear a bark!
The wyvern barely misses you. The wyvern bites you.
* * * LOW HITPOINT WARNING * * *
Read which item? (? for menu, Esc to quit)
Okay, then.
The wyvern bites you!
You die...

#..#.#######.###
######.######...#
.>............#o#########
.#.....#.#####...........
.......#.####.#.#.######
######.#.#....#.#.#
#.#.#.##.#.#.####
#.#.#.##.#l#.##.######## ##
#.#.#.##.#.@).#........#
.#####.#.#...........######.#
...)...#.#................<.#
.#######.#.##.######.######.#
...................#........#
#.....##.#.#######.#.#####..#
#.....##.#.# #.#.# #..#
#.....##.#.# #.#.# #..#
#.....##.#.#######.#.# #..#


You could see a wyvern and an orc.

Vanquished Creatures
  A spriggan (D:7)
  A hippogriff (D:7)
  3 water moccasins
  A sky beast (D:5)
  2 orc warriors
  A phantom (D:6)
  3 ogres
  A necrophage (D:8)
  2 centaurs (D:5)
  A crocodile (D:8)
  Blork the orc (D:5)
  4 giant frogs
  3 wights (D:8)
  2 crimson imps (D:7)
  A quasit (D:5)
  2 jellies
  3 hounds
  3 orc priests (D:6)
  A gnoll shaman (D:5)
  3 orc wizards
  Crazy Yiuf (D:2)
  A giant frog skeleton (D:6)
  Ijyb (D:3)
  2 iguanas (D:7)
  6 worker ants
  A hound skeleton (D:6)
  A worker ant zombie (D:6)
  3 gnolls (D:5)
  10 adders
  An adder skeleton (D:8)
  3 worms
  2 giant geckos
  21 orcs
  7 bats
  6 giant cockroaches
  15 goblins
  10 hobgoblins
  10 jackals
  5 kobolds
  4 quokkas
  9 giant newts
  A quokka zombie (D:6)
  7 rats
  A bush (D:7)
  2 fungi (D:7)
  4 plants (D:7)
173 creatures vanquished.

Vanquished Creatures (collateral kills)
  An orc warrior (D:7)
  A crimson imp (D:7)
  A centaur zombie (D:7)
  3 orcs (D:7)
6 creatures vanquished.

Grand Total: 179 creatures vanquished

Notes
Turn   | Place    | Note
--------------------------------------------------------------
     0 | D:1      | kae the Demonspawn Monk began the quest for the Orb.
     0 | D:1      | Reached XP level 1. HP: 18/18 MP: 1/1
   168 | D:1      | Reached skill level 4 in Unarmed Combat
   185 | D:1      | Gained mutation: You have sharp fingernails. [demonic ancestry]
   185 | D:1      | Reached XP level 2. HP: 24/24 MP: 2/2
   666 | D:2      | Found a sparkling altar of Nemelex Xobeh.
   730 | D:2      | Noticed Crazy Yiuf
  1402 | D:2      | Gained mutation: You have large cloven feet. [demonic ancestry]
  1402 | D:2      | Reached XP level 3. HP: 20/29 MP: 3/3
  2183 | D:2      | Killed Crazy Yiuf
  2183 | D:2      | Reached skill level 5 in Unarmed Combat
  2183 | D:2      | Reached XP level 4. HP: 8/35 MP: 4/4
  2579 | D:3      | Found a basalt altar of Yredelemnul.
  2606 | D:3      | Noticed Ijyb
  2685 | D:3      | Killed Ijyb
  2770 | D:3      | Reached XP level 5. HP: 30/41 MP: 5/5
  3047 | D:3      | Found a white marble altar of Elyvilon.
  3151 | D:3      | Reached skill level 6 in Unarmed Combat
  4062 | D:3      | Noticed Sigmund
  4322 | D:4      | Gained mutation: You have very sharp fingernails. [demonic ancestry]
  4322 | D:4      | Reached XP level 6. HP: 43/47 MP: 6/6
  4348 | D:4      | Reached skill level 7 in Unarmed Combat
  4606 | D:4      | Found a burning altar of Makhleb.
  4616 | D:4      | Became a worshipper of Makhleb the Destroyer
  4616 | D:4      | Reached * piety under Makhleb
  4616 | D:4      | Reached ** piety under Makhleb
  5049 | D:4      | Found a bloodstained altar of Trog.
  5472 | D:5      | Entered Level 5 of the Dungeon
  5473 | D:5      | Noticed Blork the orc
  5506 | D:5      | Noticed a sky beast
  5521 | D:5      | Reached skill level 1 in Invocations
  5530 | D:5      | Killed a sky beast
  5530 | D:5      | Gained mutation: You have a pair of small horns on your head. [demonic ancestry]
  5530 | D:5      | Reached XP level 7. HP: 44/52 MP: 6/10
  5657 | D:5      | Found a snail-covered altar of Cheibriados.
  5658 | D:5      | Found a sacrificial altar of Ru.
  6026 | D:5      | Reached skill level 5 in Invocations
  6127 | D:5      | Found a glowing silver altar of Zin.
  6129 | D:5      | Found a shadowy altar of Dithmenos.
  6345 | D:5      | You fall through a shaft for 3 floors!
  6584 | D:8      | Found a stormy altar of Qazlal.
  6960 | D:6      | Found a shimmering altar of Xom.
  7107 | D:6      | Reached skill level 8 in Invocations
  7107 | D:6      | Reached XP level 8. HP: 44/58 MP: 12/14
  7285 | D:6      | Reached skill level 9 in Invocations
  7702 | D:5      | Killed Blork the orc
  7875 | D:5      | Reached skill level 10 in Invocations
  8030 | D:6      | Reached *** piety under Makhleb
  8567 | D:6      | Found a staircase to the Ecumenical Temple.
  8723 | D:7      | Reached skill level 11 in Invocations
  8824 | D:7      | Found an opulent altar of Gozag.
  9054 | D:7      | Reached skill level 12 in Invocations
  9079 | D:7      | Reached XP level 9. HP: 32/63 MP: 18/18
  9654 | D:7      | Found Quxoq's Serpentskin Sales.
  9913 | D:7      | Found a blossoming altar of Fedhas.
  9926 | D:7      | Noticed an oklob plant
 10442 | D:8      | Found a shattered altar of Ashenzari.
 10558 | D:8      | Slain by a wyvern

Vault maps used:
D:1:      dpeg_arrival_tiny_k
D:2:      nemelex_xobeh_ov_fountains_minmay, uniq_crazy_yiuf_cottage
D:3:      kennysheep_goblin_castle, kennysheep_ying_yang, uniq_sigmund,
          uniq_iyjb
D:4:      old_standard_altar, first_bread, bloody_makhleb
D:5:      nicolae_overflow_hidden_temple, nicolae_ossuary_entry_ruins,
          uniq_blork_the_orc
D:6:      temple_doors_a, basic_altar, roderic_lattice_a
D:7:      overflow_temple_1_default, tgw_fedhas, the_bakery, guppyfry_shop_venom
D:8:      lemuel_crystal_altar, grunt_qazlal_clouds, introduction_to_nature_2

Action                   |  1- 3 |  4- 6 |  7- 9 || total
-------------------------+-------+-------+-------++-------
Melee: Unarmed           |   104 |   209 |   444 ||   757
Invok: Minor Destruction |       |       |    44 ||    44
       Lesser Servant of |       |       |     4 ||     4
  Use: Scroll            |     7 |     6 |     5 ||    18
       Potion            |       |       |     1 ||     1
 Stab: Sleeping          |     5 |     4 |     6 ||    15
  Eat: Chunk             |     4 |     8 |    11 ||    23
       Meat ration       |       |     1 |     1 ||     2
       Pizza             |       |       |     1 ||     1
